 Dungeon Crawl Stone Soup version 0.30-a0-272-gf98c3da03f (webtiles) character file.

Game seed: 17388141460300354461

93 glaedl the Prestidigitator (level 4, -1/32 HPs)
             Began as a Gnoll Wanderer on Oct 15, 2022.
             Killed from afar by an orc wizard (12 damage)
             ... with a puff of flame
             ... on level 3 of the Dungeon.
             The game lasted 00:04:44 (1664 turns).

glaedl the Prestidigitator (Gnoll Wanderer)         Turns: 1664, Time: 00:04:44

Health: -1/32      AC:  3    Str: 19    XL:     4   Next: 61%
Magic:  17/17      EV: 11    Int:  9    God:
Gold:   120        SH:  0    Dex:  8    Spells: 8/9 levels left

rFire   . . .      SeeInvis .    k - +0 glaive
rCold   . . .      Faith    .    (shield currently unavailable)
rNeg    . . .      Spirit   .    d - +0 leather armour
rPois   .          Reflect  .    (no helmet)
rElec   .          Harm     .    (no cloak)
rCorr   .          Rampage  .    (no gloves)
Will    .....                    (no boots)
Stlth   +.........               (no amulet)
HPRegen 0.25/turn                j - ring of magical power
MPRegen 0.15/turn                (no ring)

@: no status effects
A: fangs 1, strong nose, distributed training
a: no special abilities


You were on level 3 of the Dungeon.
You visited 1 branch of the dungeon, and saw 3 of its levels.

You collected 120 gold pieces.

Inventory:

Hand Weapons
 k - a +0 glaive (weapon)
Armour
 d - a +0 leather armour (worn)
Jewellery
 j - a ring of magical power (left hand)
Wands
 b - a wand of polymorph (5)
Scrolls
 f - a scroll of butterflies {unknown}
 l - a scroll of enchant armour {unknown}
Potions
 a - a potion of curing
 e - a potion of degeneration {unknown}
 g - 2 potions of invisibility
 i - 3 potions of might


   Skills:
 + Level 1.2 Fighting
 + Level 1.2 Short Blades
 + Level 1.2 Long Blades
 + Level 1.2 Axes
 + Level 1.2 Maces & Flails
 + Level 2.8 Polearms
 + Level 1.2 Staves
 + Level 1.2 Ranged Weapons
 + Level 1.2 Throwing
 + Level 1.2 Armour
 + Level 1.2 Dodging
 + Level 1.2 Stealth
 + Level 1.2 Shields
 + Level 1.2 Unarmed Combat
 + Level 3.0 Spellcasting
 + Level 1.0 Conjurations
 + Level 1.0 Hexes
 + Level 1.0 Summonings
 + Level 1.0 Necromancy
 + Level 1.0 Translocations
 + Level 1.0 Transmutations
 + Level 1.0 Fire Magic
 + Level 1.0 Ice Magic
 + Level 7.1 Air Magic
 + Level 1.0 Earth Magic
 + Level 1.0 Poison Magic
 + Level 1.3 Invocations
 + Level 8.6 Evocations


You had 8 spell levels left.
You knew the following spells:

 Your Spells              Type           Power      Damage    Failure   Level
a - Shock                 Conj/Air       32%        1d5       7%          1

Your spell library contained the following spells:

 Spells                   Type           Power      Damage    Failure   Level
 Poisonous Vapours        Pois/Air       16%        N/A       10%         2
 Cigotuvi's Dreadful Rot  Necr/Pois/Air  12%        N/A       16%         2


Dungeon Overview and Level Annotations

Branches:
Dungeon (3/15)

Altars:

Shops:
D:2 (


Innate Abilities, Weirdness & Mutations

You have very sharp teeth.
Your uncanny sense of smell can sniff out nearby items.
Your experience applies equally to all skills.


Message History

No target in view!
An orc and an orc wizard come into view.
The orc shouts!
You hear a shout! x2
The orc wizard moves out of view.
You reach to attack!
You closely miss the orc wizard.
The orc wizard casts a spell.
The orc wizard flickers and vanishes!
Deactivating autopickup; reactivate with Ctrl-A.
Something you can't see is in the way.
You slash something! Something hits you but does no damage.
You reach to attack!
You barely miss the orc. Something hits you.
An orc comes into view. It is wielding a +0 club.
Something hits you but does no damage. Something you can't see is in the way.
You miss something. Your bite misses something.
Something hits you but does no damage.
You reach to attack!
You closely miss the orc.
You hear some strange, mumbled words.
A puff of flame appears from out of thin air!
The puff of flame misses you. Something hits you.
Something you can't see is in the way.
You closely miss something. Your bite misses something. Something hits you.
You hear some strange, mumbled words.
A magic dart appears from out of thin air!
The magic dart hits you but does no damage.
You reach to attack!
You slice the orc!!
You kill the orc!
Something hits you.
You reach to attack!
You slash the orc!
You kill the orc!
You hear some strange, mumbled words.
A puff of flame appears from out of thin air!
The puff of flame hits you! Something hits you.
You are too injured to fight recklessly!
You miss something. Something hits you.
An orc comes into view. It is wielding a +0 club.
You miss something.
The orc shouts!
You hear some strange, mumbled words.
A puff of flame appears from out of thin air!
The puff of flame hits you!
You die...

#......# #......# #......#
#.....## #.....# #####.###
#.......# ##. #..##...###.....
#####..##...@{).....
###........#..####....
......##..#.#..# o
####.###.......# ....
##.........## #.).#
#.#####.#.## #...#
######.##.......# #...#
...........#.#..## #...#
.......##........#####...######


You could see an orc.

Vanquished Creatures
  An adder (D:3)
  4 dart slugs (D:2)
  4 orcs (D:3)
  2 ball pythons (D:1)
  3 bats
  5 endoplasms
  2 giant cockroaches
  19 goblins
  9 hobgoblins
  3 jackals (D:3)
  2 kobolds
  A quokka (D:2)
  3 frilled lizards (D:1)
  4 rats (D:1)
62 creatures vanquished.

Notes
Turn   | Place    | Note
-------+----------+-------------------------------------------
     0 | D:1      | glaedl the Gnoll Wanderer began the quest for the Orb.
     0 | D:1      | glaedl set off with the following items: a +0 spear, a wand
                  | of polymorph (5), a scroll of blinking, a +0 leather
                  | armour; and the following spell memorised: Shock; and the
                  | following spells available to memorise: Poisonous Vapours,
                  | Cigotuvi's Dreadful Rot.
     0 | D:1      | Reached XP level 1. HP: 13/13 MP: 4/4
   129 | D:1      | Reached XP level 2. HP: 15/19 MP: 5/5
   471 | D:2      | Reached XP level 3. HP: 25/25 MP: 7/7
   500 | D:2      | Found Jocvony's Weapon Shoppe.
   607 | D:2      | Reached skill level 1 in Invocations
   761 | D:2      | Reached skill level 1 in Fighting
   761 | D:2      | Reached skill level 1 in Short Blades
   761 | D:2      | Reached skill level 1 in Long Blades
   761 | D:2      | Reached skill level 1 in Axes
   761 | D:2      | Reached skill level 1 in Maces & Flails
   761 | D:2      | Reached skill level 1 in Staves
   761 | D:2      | Reached skill level 1 in Ranged Weapons
   761 | D:2      | Reached skill level 1 in Throwing
   761 | D:2      | Reached skill level 1 in Armour
   761 | D:2      | Reached skill level 1 in Dodging
   761 | D:2      | Reached skill level 1 in Stealth
   761 | D:2      | Reached skill level 1 in Shields
   761 | D:2      | Reached skill level 1 in Unarmed Combat
  1022 | D:2      | Reached XP level 4. HP: 29/32 MP: 8/8
  1324 | D:3      | Reached skill level 1 in Conjurations
  1324 | D:3      | Reached skill level 1 in Hexes
  1324 | D:3      | Reached skill level 1 in Summonings
  1324 | D:3      | Reached skill level 1 in Necromancy
  1324 | D:3      | Reached skill level 1 in Translocations
  1324 | D:3      | Reached skill level 1 in Transmutations
  1324 | D:3      | Reached skill level 1 in Fire Magic
  1324 | D:3      | Reached skill level 1 in Ice Magic
  1324 | D:3      | Reached skill level 1 in Earth Magic
  1324 | D:3      | Reached skill level 1 in Poison Magic
  1664 | D:3      | Killed from afar by an orc wizard

Illustrated notes

Levels and vault maps discovered:
D:1:      noname_arrival_rooms_in_the_neighbourhood, layout_rooms
D:2:      cheibrodos_greedy_goblins, layout_rooms, serial_shops,
          nicolae_shop_advertising_works [nicolae_subvault_shop_adworks]
D:3:      layout_loops_cross, grunt_ministairs_8, minmay_misc_feat_columns,
          minmay_snake_closets, uniq_jessica

Skill      XL: |  1  2  3  4 |
---------------+-------------+-----
Invocations    | 1 |  1.3
Fighting       | 1 |  1.2
Short Blades   | 1 |  1.2
Long Blades    | 1 |  1.2
Axes           | 1 |  1.2
Maces & Flails | 1 |  1.2
Staves         | 1 |  1.2
Ranged Weapons | 1 |  1.2
Throwing       | 1 |  1.2
Armour         | 1 |  1.2
Dodging        | 1 |  1.2
Stealth        | 1 |  1.2
Shields        | 1 |  1.2
Unarmed Combat | 1 |  1.2
Spellcasting   | 3 |  3.0
Conjurations   | 1 |  1.0
Hexes          | 1 |  1.0
Summonings     | 1 |  1.0
Necromancy     | 1 |  1.0
Translocations | 1 |  1.0
Transmutations | 1 |  1.0
Fire Magic     | 1 |  1.0
Ice Magic      | 1 |  1.0
Earth Magic    | 1 |  1.0
Poison Magic   | 1 |  1.0
Polearms       | |  2.8
Air Magic      | |  7.1
Evocations     | |  8.6

Action                   |  1- 3 |  4- 6 || total
-------------------------+-------+-------++-------
Melee: Spear             |   171 |    22 ||   193
       Bite              |    11 |     6 ||    17
       Glaive            |       |    58 ||    58
  Use: Scroll            |     1 |     3 ||     4
Armor: Leather armour    |    44 |    29 ||    73
Dodge: Dodged            |    80 |    70 ||   150

Table legend: (Time is in decaauts)
 A = Elapsed time spent in this place.
 B = Non-inter-level travel time spent in this place.
 C = Inter-level travel time spent in this place.
 D = Time resting spent in this place.
 E = Time spent auto-exploring this place.
 F = Levels seen in this place.
 G = Mean time per level.
                   A        B        C        D        E       F      G
               +--------+--------+--------+--------+--------+-----+--------+
         Total |   1688 |   1670 |     18 |    164 |   1046 |   3 |  562.7 |
       Dungeon |   1688 |   1670 |     18 |    164 |   1046 |   3 |  562.7 |
               +--------+--------+--------+--------+--------+-----+--------+

Top non-repeatable levels by time:
     D:2: 729 daAuts
     D:1: 523 daAuts
     D:3: 435 daAuts
